 Dungeon Crawl Stone Soup version 0.31.0-1-g2c135a008e (webtiles) character file.

Game seed: 11187727342794129991

324 qw the Shooter (level 6, -5/47 HPs)
             Began as a Djinni Hunter on Jan 23, 2024.
             Slain by Duvessa
             ... wielding a +1 vampiric rapier
              (8 damage)
             ... on level 4 of the Dungeon.
             The game lasted 00:00:10 (2450 turns).

qw the Shooter (Djinni Hunter)                      Turns: 2450, Time: 00:00:11

Health: -5/47      AC:  9    Str: 10    XL:     6   Next: 78%
Gold:   25         EV: 11    Int: 10    God:
                   SH:  0    Dex: 19

rFire   + + .        a - +0 shortbow
rCold   x . .        (shield currently unavailable)
rNeg    . . .        h - +0 ring mail
rPois   inf          (no helmet)
rElec   .            (no cloak)
rCorr   .            (no gloves)
SInv    .            (boots unavailable)
Will    .....        (no amulet)
Stlth   +            f - +4 ring of protection
HPRegen 0.27/turn    (no ring)
MPRegen 0.00/turn

%: infuse magic (-6 HP)
@: flying
A: sickness immunity, fire resistance 2, cold vulnerability 1, float, innate
caster, HP casting, extra vitality 1
a: no special abilities


You were on level 4 of the Dungeon.
You visited 1 branch of the dungeon, and saw 4 of its levels.

You collected 122 gold pieces.
You spent 97 gold pieces at shops.


Innate Abilities, Weirdness & Mutations

You are immune to sickness and miasma.
You are immune to poison.
Your flesh is very heat resistant. (rF++)
You are vulnerable to cold. (rC-)
You float through the air rather than walking.
You learn spells naturally, not from books.
Your magical power is your life essence.
You have superior vitality. (+4 MHP)


   Skills:
 + Level 3.8 Fighting
 - Level 5.0 Ranged Weapons
 - Level 1.3 Armour
 - Level 3.3 Dodging
 - Level 0.7 Stealth


You knew the following spells:

 Your Spells              Type           Power      Damage    Failure   Level
a - Sandblast             Erth           0%         2d4       67%         1
b - Momentum Strike       Conj/Tloc      0%         3d8       82%         2
Your spell library was empty.

Inventory:

Hand Weapons
 a - a +0 shortbow (weapon)
Armour
 h - a +0 ring mail (worn)
Jewellery
 f - a +4 ring of protection (left hand)
Scrolls
 b - a scroll of amnesia {unknown}
 c - 2 scrolls of enchant weapon {unknown}
 g - a scroll of torment {unknown}
 i - 2 scrolls of identify
Potions
 d - a potion of lignification {unknown}
 e - a potion of ambrosia {unknown}
 j - 4 potions of curing
 k - a potion of might {unknown}
 m - a potion of enlightenment {unknown}

Dungeon Overview and Level Annotations

Branches:
Dungeon (4/15)
 Temple: D:4-7

Altars:

Shops:
D:4 ?*

Annotations:
D:4 Dowan, Duvessa


Message History

You hear a shout!
Duvessa hits you with a +1 vampiric rapier!
Duvessa misses you.
You shoot an arrow. The arrow closely misses Duvessa.
Duvessa hits you with a +1 vampiric rapier.
You shoot an arrow. The arrow barely misses Duvessa.
You shoot an arrow. The arrow hits Duvessa.
Duvessa is heavily wounded.
Duvessa hits you with a +1 vampiric rapier. x2
Dowan hits you but does no damage.
You shoot an arrow.
The arrow hits Duvessa but does no damage.
Duvessa is heavily wounded.
Dowan gestures at you while chanting.
The puff of frost hits you but does no damage.
Duvessa closely misses you.
You shoot an arrow. The arrow barely misses Duvessa.
Dowan closely misses you.
Duvessa hits you with a +1 vampiric rapier.
You shoot an arrow. The arrow barely misses Duvessa.
Dowan hits you with a +0 quarterstaff! Duvessa barely misses you.
You shoot an arrow. The arrow hits Duvessa.
Duvessa is severely wounded.
Dowan closely misses you. Duvessa misses you. Duvessa barely misses you.
Dowan gestures at you while chanting. The puff of frost hits you.
You feel a terrible chill!
You shoot an arrow.
The arrow hits Duvessa but does no damage.
Duvessa is severely wounded.
Dowan hits you with a +0 quarterstaff.
Duvessa hits you with a +1 vampiric rapier!
You shoot an arrow. The arrow hits Duvessa.
Duvessa is almost dead.
Dowan says, "My weaknesses are her strengths!"
Dowan closely misses you. Duvessa misses you.
You shoot an arrow. The arrow barely misses Duvessa.
Dowan gestures at you while chanting. You resist with some effort.
Duvessa hits you with a +1 vampiric rapier!
You die...

#. #..##### #.. #...#..#
.. #......# #.#+##
#####.....# ....###
#.?.#.....# .¤e ..
#.(.#....## #######e## #'
#...#...## ...'..'..#
#..#e..#..##
.).#..#..####..e@..#..###
#)##..####..#..##'##....##
...####.....####.........#
........................##
##.#...............#....#
#...#..............#..###
......##..............#
...#..##..#..##.......#
...##.###..........|###


You could see Duvessa and Dowan.

Vanquished Creatures
  2 jellies (D:4)
  3 hounds (D:4)
  Jessica (D:3)
  A sleepcap (D:4)
  4 gnolls (D:2)
  2 adders
  A ribbon worm (D:4)
  4 dart slugs
  2 orcs
  6 ball pythons
  6 bats
  4 endoplasms
  A giant cockroach (D:2)
  6 goblins
  6 hobgoblins
  A quokka (D:1)
  6 frilled lizards
  3 kobolds
  8 rats
67 creatures vanquished.

Notes
Turn   | Place    | Note
-------+----------+-------------------------------------------
     0 | D:1      | qw the Djinni Hunter began the quest for the Orb.
     0 | D:1      | Reached XP level 1. HP: 18/18 MP: 0/0
     0 | D:1      | 0 ||| qw: Version: 0.3-a-135-gb77e89d
     0 | D:1      | 0 ||| qw: Game counter: 853
     0 | D:1      | 0 ||| qw: Melee chars always use a shield: true
     0 | D:1      | 0 ||| qw: God list: Okawaru
     0 | D:1      | 0 ||| qw: Allow faded altars: false
     0 | D:1      | 0 ||| qw: Do Orc after clearing Dungeon:15 true
     0 | D:1      | 0 ||| qw: Do second Lair branch before Depths: true
     0 | D:1      | 0 ||| qw: Lair rune preference: random
     0 | D:1      | 0 ||| qw: Goals: Normal
     0 | D:1      | 0 ||| PLANNING D:1-11
    30 | D:1      | Reached XP level 2. HP: 20/23 MP: 0/0
   522 | D:1      | Reached skill level 4 in Ranged Weapons
   522 | D:1      | Reached XP level 3. HP: 24/28 MP: 0/0
   522 | D:1      | Learned a level 1 spell: Sandblast
   681 | D:1      | 681 ||| UPGRADING to +0 ring mail.
   691 | D:1      | 691 ||| DROPPING +0 leather armour.
   692 | D:1      | 692 ||| UPGRADING to +4 ring of protection.
   693 | D:1      | 693 ||| READING scroll labelled SOXTUPHISAAZ.
   693 | D:1      | 693 ||| IDENTIFYING lumpy black potion
   694 | D:1      | 694 ||| READING scroll labelled FINUTHUIPO.
   695 | D:1      | 695 ||| READING scroll labelled APIOCWUCOG.
   696 | D:1      | 696 ||| READING scroll labelled FUNOSM BEIMNIA.
   696 | D:1      | 696 ||| ENCHANTING +0 shortbow.
   697 | D:1      | 697 ||| READING scroll labelled YXTOPU XUQOFONO.
   702 | D:1      | 702 ||| READING scroll labelled ZIJAOWK NEURIM.
   703 | D:1      | 703 ||| READING scroll labelled WASOIN SEWAKLA.
   704 | D:1      | 704 ||| DROPPING scroll of butterflies.
   930 | D:2      | Reached skill level 1 in Armour
  1046 | D:2      | Reached XP level 4. HP: 34/34 MP: 0/0
  1055 | D:2      | Reached skill level 3 in Fighting
  1471 | D:3      | Noticed Jessica
  1479 | D:3      | Killed Jessica
  1480 | D:3      | Reached XP level 5. HP: 40/40 MP: 0/0
  1480 | D:3      | Learned a level 2 spell: Momentum Strike
  1875 | D:3      | 1875 ||| READING scroll of identify.
  1875 | D:3      | 1875 ||| IDENTIFYING sapphire potion
  1876 | D:3      | 1876 ||| READING scroll labelled POPATI KINGA.
  1877 | D:3      | 1877 ||| READING 3 scrolls labelled WISOUFE OMIS.
  1878 | D:3      | 1878 ||| DROPPING potion of attraction.
  1879 | D:3      | 1879 ||| DROPPING 2 scrolls of immolation.
  1921 | D:4      | Reached skill level 5 in Ranged Weapons
  1921 | D:4      | Reached XP level 6. HP: 44/46 MP: 0/0
  1930 | D:4      | Found Fularaj's Assorted Antiques.
  1933 | D:4      | 1933 ||| BUYING fizzy dark potion (22 gold).
  1933 | D:4      | Bought a fizzy dark potion for 22 gold pieces
  1933 | D:4      | 1933 ||| BUYING fizzy emerald potion (22 gold).
  1933 | D:4      | Bought a fizzy emerald potion for 22 gold pieces
  1933 | D:4      | 1933 ||| BUYING scroll labelled KADWAVV ALEAGI (25 gold).
  1933 | D:4      | Bought a scroll labelled KADWAVV ALEAGI for 25 gold pieces
  1933 | D:4      | 1933 ||| SHOPLISTING scroll of identify (50 gold, have 40).
  1938 | D:4      | Found Huelonek's Magic Scroll Shoppe.
  1946 | D:4      | 1946 ||| SHOPLISTING scroll of acquirement (728 gold, have
                  | 40).
  1946 | D:4      | 1946 ||| SHOPLISTING scroll of enchant weapon (105 gold,
                  | have 40).
  1946 | D:4      | 1946 ||| BUYING scroll of identify (28 gold).
  1946 | D:4      | Bought a scroll of identify for 28 gold pieces
  2015 | D:4      | Reached skill level 3 in Dodging
  2198 | D:4      | Noticed Duvessa
  2199 | D:4      | Noticed Dowan
  2207 | D:4      | HP: 10/46 [Duvessa/+1 vampiric rapier (11)]
  2208 | D:4      | 2208 ||| READING scroll of teleportation.
  2212 | D:4      | HP: 8/46 [hobgoblin (4)]
  2215 | D:4      | HP: 3/46 [dart slug/slug dart (5)]
  2429 | D:4      | Identified the +6 dagger of Eminent Domain {freeze, rCorr}
  2448 | D:4      | HP: 10/47 [Dowan/+0 quarterstaff (6)]
  2448 | D:4      | HP: 3/47 [Duvessa/+1 vampiric rapier (7)]
  2450 | D:4      | Slain by Duvessa

Levels and vault maps discovered:
D:1:      dpeg_arrival_connections, layout_loops_ring, minmay_nonomino_d4
D:2:      layout_basic, chequers_hall_statues_corner_a, serial_park_tiny_pond,
          kennysheep_nub, nicolae_titane
D:3:      layout_basic, solitary_fountain, kennysheep_generic_room_10,
          uniq_jessica
D:4:      corexii_shantytown, layout_cave_pools, serial_shops,
          nicolae_shop_tiny_real_fake_doors, nicolae_shop_pleasant_corner_grove,
          shop, shop_scrolls, minmay_splitting_lines, lightli_corner_chamber,
          uniq_duvessa, uniq_edmund, uniq_crazy_yiuf_cottage

Skill      XL: |  1  2  3  4  5  6 |
---------------+-------------------+-----
Ranged Weapons | 4 5 |  5.0
Armour         | 1 |  1.3
Fighting       | 3 |  3.8
Dodging        | 3 |  3.3
Stealth        | |  0.7

Action                     |  1- 3 |  4- 6 || total
---------------------------+-------+-------++-------
   Fire: Shortbow          |    88 |   171 ||   259
    Use: Scroll            |     7 |     4 ||    11
 Armour: Leather armour    |     9 |       ||     9
         Ring mail         |    13 |    78 ||    91
  Dodge: Dodged            |    28 |    69 ||    97

Table legend:
 A = Non-vault XP
 B = Vault XP
 C = Vault XP percentage of total XP
 D = Non-vault monster count
 E = Vault monster count
 F = Vault count percentage of total count
                 A         B        C        D         E       F
            +---------+---------+-------+---------+---------+-------
      Total |     409 |      55 |  11.9 |      57 |      10 |  14.9
            +---------+---------+-------+---------+---------+-------
        D:1 |      25 |       9 |  26.5 |      15 |       5 |  25.0
        D:2 |      95 |       0 |   0.0 |      20 |       0 |   0.0
        D:3 |      30 |      39 |  56.5 |      11 |       2 |  15.4
        D:4 |     259 |       7 |   2.6 |      11 |       3 |  21.4
            +---------+---------+-------+---------+---------+-------
